Map: Dash and Terminal LE (Void)

Players

Thdareis - Winner!

  • Race: Zerg Zerg
  • League: Silver

CunningStunt

  • Race: Protoss Protoss
  • League: Gold

VOD

Have the link to the VOD?

Description

Time

  • Played on: Sept. 8, 2015, 11:46 p.m.
  • Length: 28:07
Show
View Real Time Build Order
Export as new Build Order

Thdareis Zerg - Winner!

Build Orders: Hatch First, Lurkers 

Get SALT Encoding   

  12  0:03  Drone  
  13  0:13  Drone  
  14  0:21  Overlord  
  14  0:40  Drone x3  
  17  0:54  Drone  
  18  1:00  Hatchery  
  17  1:11  Drone  
  18  1:25  Overlord  
  18  1:28  Spawning Pool  
  17  1:47  Drone  
  17  1:48  Drone x2  
  20  1:59  Hatchery  
  19  2:07  Extractor  
  18  2:16  Queen  
  18  2:17  Zergling x4  
  23  2:22  Drone  
  23  2:35  Drone x2  
  23  2:36  Queen  
  27  2:39  Drone  
  28  2:55  Drone x3  
  31  2:59  Drone x2  
  32  3:19  Queen  
  33  3:20  Drone  
  33  3:24  Queen  
  33  3:25  Drone x2  
  38  3:28  Drone x2  
  38  3:29  Drone x2  
  38  3:31  Metabolic Boost  
  42  3:36  Overlord  
  42  3:41  Overlord  
  42  3:54  Drone x3  
  45  4:03  Lair, Roach Warren  
  45  4:09  Zergling x12  
  50  4:15  Drone x2  
  50  4:16  Drone  
  53  4:19  Extractor  
  53  4:22  Drone x2  
  54  4:28  Zergling x2  
  54  4:30  Drone x3  
  58  4:35  Overlord x2  
  58  4:49  Spore Crawler, Extractor  
  58  4:51  Spore Crawler  
  55  4:54  Drone  
  55  4:55  Drone x11  
  67  5:15  Spine Crawler  
  67  5:16  Spine Crawler  
  67  5:17  Spore Crawler  
  64  5:22  Hydralisk Den  
  64  5:25  Spire  
  62  5:28  Queen  
  62  5:29  Drone x4  
  62  5:30  Drone  
  69  5:40  Zergling x2  
  69  5:41  Zergling x22  
  74  5:49  Overlord x3  
  74  6:08  Spore Crawler  
  74  6:09  Spine Crawler  
  72  6:16  Lurker Den  
  72  6:18  Drone x4  
  76  6:27  Extractor  
  76  6:28  Hatchery  
  74  6:48  Roach  
  74  6:49  Roach x11  
  86  7:17  Drone  
  86  7:18  Drone x11  
  86  7:22  Extractor x2  
  96  7:29  Spore Crawler  
  95  7:39  Zerg Flyer Weapons Level 1  
  95  7:45  Drone, Queen  
  98  7:58  Extractor  
  97  8:00  Extractor  
  97  8:01  Hatchery  
  95  8:07  Overlord x4  
  95  8:08  Overlord x8  
  95  8:09  Overlord x4  
  95  8:12  Glial Reconstitution  
  95  8:27  Hydralisk x3  
  101  8:43  Hatchery  
  101  8:45  Drone x2  
  101  8:46  Drone  
  103  8:54  Mutalisk x11  
  103  8:55  Mutalisk x2  
  129  9:09  Evolution Chamber, Drone  
  129  9:10  Evolution Chamber, Drone x7  
  135  9:23  Spine Crawler  
  134  9:25  Spine Crawler  
  134  9:26  Spine Crawler  
  134  9:28  Spore Crawler  
  134  9:29  Spine Crawler  
  131  9:31  Drone x2  
  131  9:33  Drone x7  
  137  9:42  Lurker x3  
  137  9:44  Hydralisk x6  
  137  9:45  Hydralisk  
  128  9:58  Hydralisk x4  
  126  10:14  Mutalisk  
  126  10:15  Mutalisk x7  
  140  10:29  Drone x3  
  140  10:33  Extractor  
  140  10:35  Extractor  
  141  10:48  Hatchery  
  140  10:51  Zerg Missile Weapons Level 1  
  140  10:52  Zerg Ground Armor Level 1  
  140  10:59  Infestation Pit  
  140  11:00  Queen  
  140  11:01  Overlord x2  
  140  11:08  Hatchery  
  140  11:09  Overlord  
  140  11:10  Overlord x4  
  130  11:25  Spore Crawler  
  126  11:26  Spine Crawler  
  120  11:36  Spore Crawler x2, Overseer  
  120  11:38  Spine Crawler  
  116  11:41  Drone, Spine Crawler  
  116  11:42  Drone x3  
  117  12:06  Drone x4  
  117  12:07  Drone x5  
  120  12:16  Hive  
  120  12:18  Drone x3  
  123  12:30  Hydralisk x2  
  123  12:31  Hydralisk  
  119  13:05  Corruptor x4  
  111  13:06  Corruptor, Hydralisk  
  111  13:07  Hydralisk x3  
  129  13:16  Drone x3  
  129  13:17  Drone x3  
  135  13:25  Drone  
  135  13:26  Drone x6  
  142  13:32  Hydralisk  
  144  13:35  Lurker x3  
  144  13:38  Lurker  
  150  13:48  Drone x3  
  149  14:09  Hydralisk x2  
  151  14:10  Roach x2  
  151  14:11  Roach x9  
  151  14:12  Roach x3  
  102  15:03  Corruptor x4  
  102  15:04  Corruptor x2  
  112  15:07  Spire  
  112  15:10  Pneumatized Carapace  
  98  15:18  Overlord x6, Zergling x2  
  98  15:21  Drone x3  
  85  15:56  Drone x2  
  85  15:57  Drone x3  
  86  16:00  Drone x3  
  82  16:57  Mutalisk x4, Spawning Pool  
  82  16:58  Mutalisk x2  
  89  17:10  Hatchery  
  80  18:01  Extractor  
  80  18:02  Extractor  
  78  18:33  Spawning Pool  
  77  19:11  Hatchery  
  76  19:21  Lair  
  76  20:10  Drone x2  
  76  20:11  Drone  
  79  20:25  Spire  
  78  20:48  Infestation Pit  
  77  20:53  Hatchery  
  76  21:34  Hive  
  74  22:27  Drone  
  74  22:28  Drone x2  
  77  22:30  Queen  
  79  22:39  Hatchery  
  74  22:48  Greater Spire  
  74  23:00  Drone x3  
  77  23:51  Drone x6  
  77  23:54  Queen  
  77  23:55  Drone  
  86  24:27  Brood Lord x6  
  86  24:29  Brood Lord  
  86  24:31  Corruptor x3  
  106  24:44  Drone x7  
  113  24:47  Drone x2  
  113  24:48  Drone  
  114  25:00  Zerg Flyer Weapons Level 2  
  114  25:04  Corruptor x2  
  114  25:05  Corruptor  
  120  25:17  Overseer  
  120  25:28  Corruptor x2  
  120  25:35  Drone x7  
  122  25:39  Extractor  
  122  25:40  Extractor  
  121  25:45  Brood Lord x2  
  125  25:51  Corruptor x2  
  125  26:10  Brood Lord x5  
  121  26:37  Corruptor x3  
  121  26:39  Queen  
  117  26:47  Drone x4  
  117  26:48  Drone x3  
  117  26:51  Extractor  
  117  26:52  Extractor  
  122  27:02  Corruptor x2  
  126  27:22  Zergling x8  
  130  27:23  Zergling x16  
  130  27:24  Zergling x10  
  130  27:27  Zergling x8  
  130  27:28  Zergling x4  
Show
View Real Time Build Order
Export as new Build Order

CunningStunt Protoss 

Build Orders: 1 Gate Expand 

Get SALT Encoding   

  12  0:00  Probe (Chrono Boost)  
  13  0:10  Probe (Chrono Boost)  
  14  0:18  Pylon  
  14  0:22  Probe (Chrono Boost)  
  15  0:36  Probe (Chrono Boost)  
  15  0:40  Gateway  
  16  0:46  Probe (Chrono Boost)  
  17  0:56  Probe (Chrono Boost)  
  18  1:06  Probe (Chrono Boost)  
  19  1:23  Nexus  
  19  1:29  Cybernetics Core  
  19  1:33  Probe (Chrono Boost)  
  19  1:38  Assimilator  
  20  1:41  Assimilator  
  20  1:44  Probe (Chrono Boost)  
  21  1:54  Probe (Chrono Boost)  
  22  2:04  Probe (Chrono Boost)  
  23  2:11  Pylon  
  23  2:27  Warp Gate  
  23  2:28  Pylon  
  23  2:29  Probe (Chrono Boost), Adept  
  26  2:39  Probe (Chrono Boost)  
  27  2:45  Gateway  
  27  2:47  Gateway, Probe (Chrono Boost)  
  28  2:56  Stalker  
  30  3:00  Probe (Chrono Boost)  
  30  3:01  Probe (Chrono Boost)  
  32  3:11  Probe (Chrono Boost)  
  32  3:12  Probe (Chrono Boost)  
  34  3:21  Probe (Chrono Boost)  
  34  3:22  Probe (Chrono Boost)  
  36  3:30  Robotics Facility  
  36  3:31  Probe (Chrono Boost)  
  36  3:32  Probe (Chrono Boost)  
  38  3:41  Probe (Chrono Boost)  
  38  3:43  Mothership Core (Chrono Boost), Gateway  
  41  3:51  Probe (Chrono Boost)  
  42  4:01  Probe (Chrono Boost)  
  42  4:02  Adept  
  45  4:04  Adept x2  
  45  4:05  Probe (Chrono Boost)  
  50  4:10  Assimilator  
  50  4:11  Probe (Chrono Boost)  
  50  4:13  Assimilator  
  50  4:15  Probe (Chrono Boost)  
  52  4:17  Pylon  
  52  4:21  Warp Prism  
  52  4:22  Pylon  
  54  4:35  Probe x2 (Chrono Boost)  
  56  4:43  Adept  
  56  4:45  Probe (Chrono Boost)  
  58  4:46  Probe (Chrono Boost)  
  60  4:55  Probe (Chrono Boost)  
  60  4:56  Probe (Chrono Boost)  
  60  4:59  Pylon  
  62  5:02  Pylon  
  62  5:05  Probe (Chrono Boost)  
  62  5:06  Probe (Chrono Boost)  
  64  5:15  Probe (Chrono Boost)  
  64  5:16  Probe (Chrono Boost)  
  64  5:20  Immortal  
  70  5:32  Zealot  
  70  5:33  Zealot x3  
  70  6:07  Gateway x2  
  70  6:09  Gateway  
  64  6:11  Gateway  
  62  6:20  Pylon  
  62  6:26  Immortal, Nexus  
  62  6:30  Pylon  
  62  6:32  Pylon  
  66  6:34  Twilight Council, Adept  
  66  6:35  Adept x3  
  66  6:36  Pylon  
  74  6:45  Gateway x2  
  74  7:02  Adept x4  
  74  7:03  Probe x2 (Chrono Boost)  
  84  7:13  Probe (Chrono Boost)  
  85  7:21  Gateway  
  85  7:22  Gateway  
  85  7:24  Probe x2 (Chrono Boost)  
  85  7:26  Gateway  
  87  7:34  Probe x2 (Chrono Boost)  
  89  7:40  Immortal  
  93  7:47  Forge  
  93  7:48  Probe x3 (Chrono Boost), Forge  
  96  7:51  Stalker x2  
  96  7:52  Pylon  
  96  7:54  Stalker  
  96  7:56  Pylon  
  96  7:58  Probe x3 (Chrono Boost)  
  105  8:08  Probe x3 (Chrono Boost)  
  105  8:09  Assimilator  
  108  8:13  Pylon, Assimilator  
  108  8:14  Pylon  
  108  8:15  Pylon  
  108  8:18  Templar Archives  
  108  8:19  Immortal  
  112  8:21  Shield Upgrade  
  112  8:24  Pylon  
  112  8:28  Pylon  
  112  8:39  Protoss Ground Armor Level 1 (Chrono Boost)  
  112  8:40  Protoss Ground Weapons Level 1 (Chrono Boost)  
  112  8:47  Dark Shrine  
  112  8:48  Photon Cannon  
  112  8:50  Photon Cannon  
  112  8:56  Photon Cannon  
  112  8:59  High Templar x2  
  112  9:00  High Templar x7  
  112  9:01  High Templar x3  
  112  9:02  Archon  
  136  9:03  Archon x5  
  136  9:14  Adept  
  138  9:24  Psionic Storm, Observer  
  139  9:46  Observer  
  139  9:49  Stalker x2  
  139  9:50  Stalker x4  
  139  9:51  Stalker x2  
  151  10:07  Observer  
  151  10:11  Stalker  
  151  10:12  Stalker x3  
  156  10:28  Pylon  
  154  10:29  Pylon x2  
  154  10:32  Dark Templar, Photon Cannon  
  154  10:34  Photon Cannon x2  
  156  10:37  Photon Cannon  
  156  10:42  Blink (Chrono Boost)  
  156  10:44  Nexus  
  156  10:46  Pylon  
  156  10:48  Photon Cannon  
  156  10:49  Photon Cannon  
  156  10:50  Pylon  
  156  10:52  Pylon  
  156  10:57  Protoss Ground Weapons Level 2 (Chrono Boost)  
  156  10:58  Protoss Ground Armor Level 2 (Chrono Boost)  
  156  11:02  Photon Cannon  
  156  11:06  Photon Cannon  
  156  11:09  Photon Cannon  
  156  11:21  Probe x2  
  158  11:40  Stalker x4  
  158  11:41  Stalker x3  
  172  11:56  High Templar x4  
  172  11:59  Observer  
  181  12:06  Pylon x2  
  181  12:08  Pylon  
  178  12:09  Pylon  
  178  12:16  Photon Cannon  
  178  12:17  Photon Cannon  
  178  12:18  Photon Cannon x2  
  178  12:20  Photon Cannon  
  178  12:25  Immortal  
  169  12:49  Stalker  
  169  12:50  Stalker x6  
  169  12:51  Stalker  
  185  13:25  Nexus  
  127  15:09  Nexus  
  115  17:52  Nexus  
  114  19:04  Probe  
  115  19:14  Probe  
  116  19:24  Probe  
  117  19:52  Probe  
  118  20:02  Probe  
  119  20:12  Probe  
  120  20:22  Probe  
  121  20:29  Nexus  
  121  20:33  Probe  
  122  20:52  Probe  
  123  21:02  Probe  
  115  21:59  Pylon  
  111  22:02  Pylon  
  111  22:03  Pylon  
  107  22:19  Probe  
  108  22:29  Probe  
  107  22:39  Probe  
  108  22:49  Probe  
  109  22:55  Cybernetics Core  
  109  22:57  Photon Cannon  
  109  22:59  Probe, Photon Cannon  
  109  23:01  Photon Cannon  
  109  23:04  Photon Cannon  
  110  23:06  Photon Cannon  
  110  23:09  Probe  
  110  23:10  Nexus, Photon Cannon  
  110  23:11  Assimilator  
  111  23:16  Assimilator  
  111  23:18  Pylon  
  111  23:20  Pylon  
  111  23:23  Pylon  
  111  23:26  Probe  
  111  23:27  Protoss Shields Level 1 (Chrono Boost)  
  109  23:36  Probe  
  110  23:46  Probe, Stargate  
  111  23:50  Stargate  
  111  23:52  Stargate  
  111  23:56  Probe  
  112  24:29  Probe x2  
  114  24:39  Probe, Phoenix (Chrono Boost)  
  114  24:40  Fleet Beacon  
  114  24:43  Phoenix (Chrono Boost)  
  114  24:44  Phoenix (Chrono Boost)  
  121  24:52  Probe  
  121  24:54  Probe  
  123  25:02  Probe  
  96  25:38  Tempest x2 (Chrono Boost)  
  76  26:34  Void Ray (Chrono Boost)  
  84  26:42  Void Ray (Chrono Boost)  
  84  26:50  Probe x2  
  86  27:00  Void Ray (Chrono Boost)  
  90  27:02  Probe x2  
  92  27:10  Void Ray (Chrono Boost)  
  100  27:26  Void Ray (Chrono Boost)  
Tags
 
Add a new tag
Caveats
  • Supply blocks, unpowered buildings, or Contaminate may cause inaccurate times.
  • Supply counts are checked every 10 seconds.